Map: Oxide LE

Players

RiSky - Winner!

  • Race: Zerg Zerg
  • League: Master

TeebuL

  • Race: Protoss Protoss

Event: DreamHack SC2 Masters 2021 Summer

VOD

Have the link to the VOD?

Description

Time

  • Played on: May 19, 2021, 5:32 a.m.
  • Length: 22:13

All games in this series

Show
View Real Time Build Order
Export as new Build Order

RiSky Zerg - Winner!

Build Orders: Hatch First, Lurkers 

Get SALT Encoding   

  12  0:00  Drone  
  13  0:12  Overlord  
  13  0:16  Drone  
  14  0:30  Drone x2  
  16  0:48  Hatchery  
  15  0:51  Drone  
  15  0:55  Drone  
  17  0:59  Drone  
  18  1:09  Extractor  
  17  1:14  Spawning Pool  
  17  1:16  Drone  
  17  1:20  Drone  
  18  1:27  Drone  
  19  1:38  Drone  
  20  1:49  Overlord  
  20  2:00  Queen  
  20  2:01  Queen, Zergling x4  
  26  2:11  Drone x2  
  26  2:13  Metabolic Boost  
  29  2:22  Drone  
  29  2:23  Drone  
  30  2:32  Drone  
  30  2:36  Drone  
  32  2:42  Hatchery  
  31  2:47  Queen  
  33  2:52  Overlord  
  33  2:55  Drone  
  34  2:58  Drone  
  34  3:03  Drone  
  36  3:10  Drone x2  
  36  3:11  Drone x3  
  41  3:19  Overlord  
  41  3:20  Drone  
  41  3:23  Roach Warren  
  41  3:26  Drone  
  42  3:31  Extractor, Drone  
  42  3:37  Overlord  
  42  3:42  Drone x2  
  42  3:43  Drone  
  42  3:44  Drone  
  46  3:50  Overlord  
  46  3:56  Zergling x10  
  46  4:01  Queen  
  53  4:05  Spore Crawler  
  53  4:07  Spore Crawler  
  53  4:09  Queen  
  52  4:19  Spore Crawler  
  52  4:23  Drone x7  
  58  4:30  Drone  
  58  4:31  Overlord  
  59  4:37  Drone  
  59  4:38  Drone x3  
  61  4:41  Drone x2  
  62  4:47  Overlord  
  62  4:48  Extractor  
  62  4:50  Overlord  
  62  4:51  Spore Crawler  
  60  4:55  Roach x2  
  60  4:59  Lair  
  64  5:04  Roach x2  
  68  5:08  Roach x2  
  72  5:15  Roach x2  
  72  5:20  Roach x2  
  80  5:23  Roach  
  80  5:27  Roach x2  
  86  5:32  Roach  
  86  5:33  Overlord  
  88  5:36  Overlord  
  88  5:42  Overlord  
  88  5:51  Queen x2  
  88  5:53  Ravager x3  
  95  5:57  Drone x3  
  95  6:03  Ravager x2  
  95  6:04  Drone x2, Ravager  
  101  6:05  Overlord  
  101  6:09  Overlord  
  103  6:12  Drone x2  
  103  6:15  Overseer  
  103  6:18  Drone x3  
  107  6:20  Drone x2  
  109  6:28  Drone  
  109  6:30  Drone x3  
  113  6:34  Overseer  
  113  6:35  Hydralisk Den  
  113  6:37  Drone  
  113  6:39  Drone x2  
  115  6:40  Drone x3  
  115  6:42  Drone  
  115  6:46  Hatchery  
  117  6:49  Drone  
  118  6:55  Drone x2  
  118  6:56  Drone, Extractor x2  
  118  6:57  Evolution Chamber  
  118  6:59  Extractor, Evolution Chamber  
  116  7:02  Drone  
  116  7:03  Overseer  
  116  7:04  Pneumatized Carapace, Glial Reconstitution  
  116  7:05  Drone x2  
  119  7:09  Drone x3  
  119  7:11  Drone x3  
  119  7:15  Grooved Spines  
  125  7:16  Overlord  
  125  7:21  Overlord  
  125  7:25  Zerg Missile Weapons Level 1  
  125  7:28  Overlord  
  125  7:31  Overlord  
  125  7:37  Overlord  
  125  7:39  Lurker Den  
  124  7:45  Roach x4  
  124  7:46  Roach x2  
  124  7:47  Zergling x14  
  143  7:54  Zergling x2, Baneling Nest  
  144  8:00  Zergling x6  
  147  8:07  Zerg Melee Weapons Level 1  
  147  8:10  Zergling x16  
  155  8:14  Zergling x4  
  155  8:15  Zergling x6  
  158  8:22  Zergling x4  
  158  8:26  Drone x2  
  160  8:33  Drone, Overlord  
  161  8:37  Zergling x14  
  161  8:38  Overlord  
  161  8:40  Overlord  
  165  8:43  Overlord  
  164  8:48  Overlord  
  164  8:51  Overlord  
  158  8:57  Overlord x2  
  158  8:58  Centrifical Hooks  
  151  9:04  Hydralisk x6  
  151  9:09  Baneling x10  
  161  9:13  Baneling x6  
  161  9:14  Ravager x6  
  161  9:15  Zergling x8  
  161  9:16  Zergling x14  
  178  9:22  Spore Crawler  
  178  9:23  Zergling x6  
  179  9:29  Zergling x2  
  179  9:30  Zergling x2  
  181  9:31  Zerg Missile Weapons Level 2  
  181  9:32  Drone  
  182  9:41  Hatchery  
  179  9:49  Zergling x20  
  179  9:50  Baneling x4  
  179  9:51  Baneling x4  
  188  9:53  Zergling x2  
  189  10:04  Zergling x14  
  193  10:08  Zergling x4  
  192  10:16  Zergling x6  
  192  10:17  Infestation Pit  
  186  10:22  Zergling x8  
  186  10:26  Baneling x7  
  189  10:28  Hydralisk x2  
  189  10:29  Hydralisk x3  
  199  10:38  Zergling x2  
  199  10:47  Zerg Melee Weapons Level 2  
  199  10:53  Baneling x9  
  199  10:56  Muscular Augments  
  199  10:57  Hive  
  199  11:03  Overseer  
  199  11:14  Baneling x7  
  199  11:21  Zergling x2  
  199  11:22  Zergling x10  
  199  11:24  Zergling x14  
  197  11:29  Zergling x12  
  200  11:36  Lurker Den  
  199  11:43  Zergling x12  
  183  11:49  Zergling x20  
  183  11:50  Zergling x2  
  178  11:56  Extractor x2  
  178  12:00  Drone x2, Baneling x2  
  178  12:01  Baneling x14  
  178  12:03  Drone x6  
  178  12:04  Extractor  
  178  12:07  Baneling x9  
  178  12:08  Baneling x3  
  183  12:13  Zergling x6  
  183  12:14  Zergling x8  
  187  12:27  Zergling x22  
  183  12:33  Zergling x2  
  173  12:40  Seismic Spines  
  173  12:43  Zergling x2  
  173  12:44  Zergling x8  
  175  12:53  Zergling x2  
  175  12:54  Zergling x12  
  175  12:56  Hydralisk  
  181  13:00  Baneling x17  
  181  13:01  Baneling x2  
  181  13:03  Zergling x8  
  182  13:08  Zergling x4  
  179  13:13  Hydralisk x3  
  179  13:19  Hydralisk x3  
  178  13:24  Hydralisk x3  
  178  13:25  Hydralisk  
  187  13:33  Lurker x4  
  187  13:34  Lurker x2  
  193  13:37  Extractor, Adaptive Talons, Spore Crawler  
  191  13:42  Baneling x5  
  199  14:12  Lurker  
  199  14:15  Lurker x8  
  191  14:50  Zergling x18  
  200  14:54  Zerg Missile Weapons Level 3, Zerg Melee Weapons Level 3  
  182  15:08  Zergling x26  
  193  15:16  Viper  
  193  15:17  Viper  
  196  15:23  Zergling x8  
  195  15:38  Zergling x14  
  186  15:49  Zergling x12  
  163  15:55  Hydralisk x8  
  164  16:00  Hydralisk x2  
  164  16:04  Hydralisk x5  
  168  16:10  Baneling x2, Hydralisk  
  180  16:13  Hydralisk x2  
  180  16:17  Hydralisk x3  
  190  16:24  Hydralisk x2  
  173  16:31  Hydralisk x3  
  179  16:36  Hydralisk x4  
  184  16:41  Hydralisk  
  183  16:53  Hydralisk x4, Lurker x7  
  192  17:04  Overseer  
  188  17:08  Hydralisk x3  
  188  17:09  Hydralisk x2  
  196  17:23  Zergling x8  
  196  17:28  Hatchery  
  198  17:31  Zerg Ground Armor Level 1  
  198  17:36  Hydralisk x7  
  192  17:50  Hydralisk x6  
  195  17:57  Hydralisk  
  194  18:03  Hydralisk x3  
  200  18:15  Hydralisk  
  200  18:19  Hatchery, Overseer  
  199  18:20  Overseer  
  185  18:52  Hydralisk x12  
  184  18:58  Lurker x4  
  170  19:04  Hydralisk x5  
  175  19:19  Overseer  
  167  19:24  Extractor x2  
  167  19:28  Zergling x22  
  176  19:35  Drone x3  
  174  19:43  Hydralisk x4  
  177  19:49  Drone x2, Spore Crawler  
  177  19:50  Drone  
  179  19:59  Hatchery  
  178  20:03  Drone  
  178  20:04  Drone x2  
  178  20:05  Hydralisk  
  178  20:06  Spine Crawler x2, Hydralisk x5  
  191  20:16  Hydralisk x2  
  191  20:17  Hydralisk  
  194  20:25  Drone x7  
  197  20:39  Overseer x2  
  197  20:42  Spore Crawler  
  197  20:45  Zergling x8  
  189  20:58  Lurker x6  
  189  20:59  Lurker x4  
  189  21:00  Zergling x10  
  181  21:28  Hatchery  
  181  21:29  Drone x12  
  192  21:36  Hydralisk  
  194  21:44  Lurker  
Show
View Real Time Build Order
Export as new Build Order

TeebuL Protoss 

Build Orders: 1 Gate Expand, Oracle Opening, Archon Immortal 

Get SALT Encoding   

  12  0:00  Probe  
  13  0:12  Probe  
  14  0:19  Pylon  
  14  0:24  Probe  
  15  0:37  Probe (Chrono Boost)  
  15  0:39  Gateway  
  16  0:49  Probe (Chrono Boost)  
  17  0:50  Assimilator  
  17  0:54  Probe (Chrono Boost)  
  18  1:03  Probe  
  19  1:15  Probe  
  20  1:26  Nexus  
  20  1:37  Cybernetics Core  
  20  1:41  Probe  
  21  1:48  Assimilator  
  21  1:53  Probe  
  22  2:00  Pylon  
  22  2:05  Probe (Chrono Boost)  
  23  2:14  Warp Gate  
  23  2:17  Stalker (Chrono Boost)  
  23  2:19  Probe (Chrono Boost)  
  26  2:26  Probe (Chrono Boost)  
  27  2:34  Stargate  
  27  2:36  Probe (Chrono Boost)  
  28  2:39  Probe (Chrono Boost)  
  28  2:40  Adept  
  31  2:48  Probe (Chrono Boost)  
  31  2:50  Probe (Chrono Boost)  
  33  2:53  Probe (Chrono Boost)  
  33  2:57  Probe  
  36  3:05  Probe  
  36  3:09  Pylon  
  36  3:10  Probe  
  37  3:15  Oracle (Chrono Boost)  
  37  3:17  Probe  
  41  3:22  Probe, Gateway  
  41  3:24  Adept  
  44  3:30  Probe  
  44  3:34  Probe  
  46  3:42  Probe  
  46  3:46  Probe, Twilight Council  
  48  3:53  Pylon  
  48  3:54  Probe  
  49  3:57  Nexus  
  49  4:00  Probe  
  50  4:06  Probe  
  51  4:12  Probe  
  51  4:15  Shield Battery  
  52  4:18  Probe  
  52  4:19  Assimilator  
  52  4:21  Assimilator, Adept x2  
  52  4:24  Probe  
  58  4:30  Probe  
  59  4:36  Probe, Dark Shrine  
  60  4:42  Probe  
  60  4:45  Adept  
  61  4:48  Probe  
  62  4:55  Gateway x2  
  62  5:00  Forge  
  62  5:03  Pylon  
  62  5:06  Blink  
  62  5:09  Probe x3 (Chrono Boost)  
  65  5:18  Robotics Facility  
  65  5:21  Probe (Chrono Boost)  
  65  5:22  Probe x2 (Chrono Boost)  
  65  5:25  Protoss Ground Weapons Level 1  
  68  5:30  Probe x2 (Chrono Boost), Sentry x2  
  68  5:31  Probe (Chrono Boost)  
  75  5:35  Probe x2  
  75  5:41  Probe  
  78  5:45  Gateway  
  78  5:46  Gateway  
  78  5:47  Pylon  
  78  5:48  Probe x2  
  78  5:49  Assimilator  
  80  5:53  Probe, Assimilator  
  80  5:55  Dark Templar x2  
  85  5:57  Shield Battery  
  85  5:59  Pylon  
  85  6:07  Immortal  
  85  6:08  Shield Battery  
  85  6:09  Pylon  
  89  6:15  Robotics Bay  
  89  6:23  Photon Cannon, Shield Battery  
  89  6:25  Stalker  
  91  6:26  Photon Cannon  
  91  6:27  Shield Battery  
  91  6:29  Dark Templar  
  90  6:35  Archon  
  90  6:37  Stalker x2  
  90  6:38  Pylon  
  94  6:43  Probe  
  94  6:44  Probe x2  
  95  6:52  Stalker x3  
  101  6:56  Robotics Facility  
  101  7:01  Charge (Chrono Boost), Disruptor (Chrono Boost)  
  101  7:03  Gateway  
  101  7:06  Gateway  
  101  7:07  Pylon  
  101  7:08  Photon Cannon  
  104  7:09  Shield Battery  
  104  7:10  Pylon  
  104  7:12  Pylon  
  104  7:17  Pylon  
  104  7:19  Stalker x3  
  104  7:21  Stalker  
  112  7:29  Disruptor  
  115  7:35  Protoss Ground Weapons Level 2 (Chrono Boost)  
  115  7:45  Observer  
  116  7:51  Nexus  
  116  7:52  Stalker x3  
  116  7:54  Pylon  
  116  7:56  Pylon  
  122  8:04  Gateway  
  122  8:06  Gateway  
  122  8:14  Dark Templar x2  
  122  8:19  Archon  
  123  8:24  Warp Prism (Chrono Boost)  
  125  8:30  Immortal (Chrono Boost)  
  127  8:43  Stalker x6  
  137  8:49  Dark Templar x2  
  137  9:05  Immortal x2  
  145  9:25  Pylon  
  145  9:26  Pylon x2  
  145  9:30  Templar Archives, Pylon  
  145  9:31  Pylon  
  145  9:33  Nexus  
  145  9:34  Pylon  
  145  9:36  Pylon  
  145  9:38  Pylon  
  145  9:44  Protoss Shields Level 1 (Chrono Boost)  
  143  9:49  Stalker x4, Sentry  
  143  9:52  Zealot x5  
  161  10:26  Psionic Storm  
  151  10:32  Photon Cannon  
  151  10:33  Photon Cannon  
  151  10:34  Stargate  
  151  10:35  Nexus, Fleet Beacon  
  151  10:40  Probe x3  
  154  10:44  Zealot x9  
  172  10:51  Observer x2  
  172  10:53  Probe  
  172  10:55  Probe x2  
  177  11:00  High Templar  
  179  11:05  Probe  
  179  11:08  High Templar  
  179  11:09  Probe  
  183  11:11  Protoss Air Weapons Level 1 (Chrono Boost)  
  183  11:14  Zealot x3  
  183  11:15  Zealot x3  
  173  11:32  Probe  
  166  11:40  Stalker x7  
  158  11:51  Zealot x3  
  158  11:53  Observer  
  161  12:05  Probe  
  161  12:07  High Templar x4  
  164  12:11  Archon  
  164  12:18  Zealot x5  
  164  12:19  Zealot  
  176  12:29  Archon  
  165  12:42  Zealot x5  
  165  12:43  Zealot x3  
  177  12:44  Probe x4  
  181  12:52  Zealot x2  
  181  12:56  Probe x2  
  181  12:57  Probe x2  
  177  13:03  Zealot x5  
  187  13:08  Probe x2  
  187  13:14  Zealot x4  
  167  13:21  High Templar x5  
  167  13:22  Probe  
  167  13:26  High Templar x3  
  176  13:27  Archon x2  
  176  13:28  High Templar  
  176  13:32  Photon Cannon  
  176  13:33  Shield Battery  
  181  13:35  Probe  
  179  13:41  Assimilator  
  179  13:42  Disruptor x2, Assimilator  
  182  14:10  Zealot x9  
  200  14:19  Photon Cannon x2  
  199  14:52  Nexus  
  199  14:54  Pylon  
  199  14:58  Stargate  
  195  15:06  Probe x4  
  161  15:11  Carrier x2 (Chrono Boost)  
  165  15:18  Probe x3  
  165  15:19  Pylon  
  166  15:24  Protoss Air Weapons Level 2  
  166  15:27  Disruptor  
  166  15:28  Disruptor  
  172  15:37  Probe x2  
  172  15:39  Probe  
  122  15:57  High Templar x8  
  122  16:01  Archon  
  122  16:02  Archon x2  
  138  16:10  Observer  
  138  16:11  Observer  
  140  16:14  Zealot x2  
  138  16:30  Carrier (Chrono Boost)  
  137  16:35  Zealot x7  
  150  16:58  Observer, Disruptor  
  154  17:04  Nexus  
  154  17:10  Carrier (Chrono Boost)  
  154  17:13  Pylon  
  142  17:37  Zealot x6  
  140  17:45  Zealot  
  140  17:46  Zealot  
  136  17:58  Probe x2  
  130  18:03  Pylon  
  130  18:04  High Templar x2  
  135  18:17  Dark Templar  
  110  18:53  Probe  
  103  19:04  Observer x2  
  103  19:09  Zealot x7  
  108  19:32  Photon Cannon  
  108  19:33  Shield Battery  
  108  19:43  High Templar x4  
  104  19:48  Dark Templar  
  104  19:55  Dark Templar  
  106  20:00  Observer  
  106  20:03  Dark Templar  
  108  20:20  Assimilator  
  108  20:21  Assimilator  
  104  20:45  Zealot x6  
  114  20:57  Void Ray (Chrono Boost)  
  86  21:27  Void Ray  
  86  21:38  Nexus  
  90  21:45  Zealot x4  
Tags
 
Add a new tag
Caveats
  • Supply blocks, unpowered buildings, or Contaminate may cause inaccurate times.
  • Supply counts are checked every 10 seconds.